 Dungeon Sprint DCSS version 0.24.1-8-ga250c9d538 (webtiles) character file.

Game seed: 5266185150736235095, levelgen mode: deterministic

21100 Atelerd the Fighter (level 12, -7/84 HPs)
             Began as a Gargoyle Fighter on May 7, 2020.
             Was the Champion of Okawaru.
             Mangled by a stone giant (20 damage)
             ... in the Dungeon (Sprint V: "Ziggurat Sprint").
             The game lasted 00:06:27 (865 turns).

Atelerd the Fighter (Gargoyle Fighter)               Turns: 865, Time: 00:06:28

Health: -7/84      AC: 46    Str: 24    XL:     12   Next: 86%
Magic:  0/40       EV: 10    Int: 17    God:    Okawaru [******]
Gold:   0          SH: 36    Dex: 12    Spells: 11/11 levels left

rFire    . . .     SeeInvis +   I - +14 obsidian axe {chop, +Fly SInv *Curse} (curse)
rCold    . . .     Gourm    .   K - +18 shield of the Gong {rElec rN+ MR+ EV-5}
rNeg     + + .     Faith    .   J - +15 Maxwell's patent armour {-Cast -Tele rElec MR+ rCorr}
rPois    ∞         Spirit   +   b - +2 hat {MR+}
rElec    +         Reflect  +   Q - scarf {Spirit}
rCorr    +         Harm     .   W - +0 pair of gloves {Dex+3}
MR       +++..     NoTele   +   (no boots) Stlth ..........NoCast +
                                H - +3 amulet of reflection
HPRegen  0.24/turn              a - ring of the King {rElec rCorr MP+9 Int+7}
MPRegen  0.27/turn              V - ring of magical power

@: heroism, finesse, mesmerised, studying Unarmed Combat
A: negative energy resistance 1, electricity resistance, unbreathing,
petrification resistance, rot immunity, AC +8
a: Heroism, Finesse, Renounce Religion, Evoke Flight


You were in the Dungeon.
You worshipped Okawaru.
Okawaru was exalted by your worship.
You were not hungry.

You visited 1 branch

Inventory:

Hand Weapons
 I - the cursed +14 obsidian axe (weapon) {chop, +Fly SInv *Curse}
   (You found it in the Dungeon)

   It inflicts extra damage upon your enemies.
   It lets you see invisible.
   It lets you fly.
   It curses itself when equipped.
   It has a curse placed upon it.
Armour
 b - a +2 hat of magic resistance (worn)
 J - the +15 Maxwell's patent armour (worn) {-Cast -Tele rElec MR+ rCorr}
   (You found it in the Dungeon)

   It insulates you from electricity.
   It affects your resistance to hostile enchantments.
   It prevents spellcasting.
   It prevents most forms of teleportation.
   It provides partial protection from all sources of acid and corrosion.
 K - the +18 shield of the Gong (worn) {rElec rN+ MR+ EV-5}
   (You found it in the Dungeon)

   It affects your evasion (-5).
   It insulates you from electricity.
   It protects you from negative energy.
   It affects your resistance to hostile enchantments.
 M - a +0 helmet of see invisible
 Q - a scarf of spirit shield (worn)
 W - a +0 pair of gloves of dexterity (worn)
Jewellery
 a - the ring of the King (left hand) {rElec rCorr MP+9 Int+7}
   (You found it in the Dungeon)

   [ring of resist corrosion]

   It affects your intelligence (+7).
   It insulates you from electricity.
   It affects your magic capacity (+9).
   It provides partial protection from all sources of acid and corrosion.
 q - an uncursed ring of flight
 r - a +6 ring of dexterity
 s - a +6 ring of dexterity
 t - a +6 ring of intelligence
 u - a +6 ring of intelligence
 v - a +6 ring of strength
 w - a +6 ring of strength
 H - a +3 amulet of reflection (around neck)
 L - an uncursed amulet of the gourmand
 S - an uncursed amulet of the acrobat
 U - an uncursed ring of protection from cold
 V - a ring of magical power (right hand)
 X - an uncursed ring of magical power
 Y - an uncursed ring of see invisible
Wands
 y - a wand of disintegration (7)
 z - a wand of iceblast (7)
 A - a wand of acid (7)
Scrolls
 k - 4 scrolls of blinking
 B - 4 scrolls of amnesia
 C - 7 scrolls of fog
 D - 2 scrolls of holy word
 E - 5 scrolls of identify
 F - 5 scrolls of remove curse
 G - 2 scrolls of fear
 P - 4 scrolls of enchant weapon
 T - 2 scrolls of brand weapon
Potions
 d - 6 potions of might
 e - 9 potions of curing
 g - 6 potions of heal wounds
 h - 4 potions of haste
 i - 7 potions of magic
 j - 3 potions of berserk rage
 l - 2 potions of brilliance
 m - 2 potions of invisibility
 n - 4 potions of resistance
 o - a potion of experience
 p - 5 potions of agility
Books
 O - a manual of Unarmed Combat
Miscellaneous
 x - a lightning rod (4/4)
 N - a lightning rod (4/4)
Comestibles
 f - 9 rations


   Skills:
 + Level 13.9(18.9) Fighting
 + Level 11.7(16.7) Axes
 + Level 13.9(18.9) Armour
 + Level 10.6(15.6) Dodging
 + Level 13.8(18.8) Shields
 + Level 13.5 Invocations
 + Level 11.5 Evocations


You had 11 spell levels left.
You didn't know any spells.
Your spell library contained the following spells:

 Spells                   Type           Power        Failure   Level  Hunger
 Confusing Touch          Hex            #.....       80%         1    ##.....
 Magic Dart               Conj           #...         80%         1    ##.....
 Searing Ray              Conj           #.....       91%         2    ###....
 Confuse                  Hex            #.......     99%         3    ####...
 Dazzling Spray           Conj/Hex       #.....       99%         3    ####...
 Gell's Gravitas          Tloc           #.........   99%         3    ####...
 Recall                   Summ/Tloc      N/A          99%         3    ####...
 Animate Dead             Necr           N/A          100%        4    #####..
 Force Lance              Conj/Tloc      #.......     100%        4    #####..
 Fulminant Prism          Conj/Hex       #.........   100%        4    #####..
 Iskenderun's Mystic Bla  Conj           #.......     100%        4    #####..
 Petrify                  Tmut/Erth      #.......     100%        4    #####..
 Borgnjor's Vile Clutch   Necr/Erth      #.........   100%        5    ######.
 Metabolic Englaciation   Hex/Ice        #.........   100%        5    ######.
 Yara's Violent Unravell  Hex/Tmut       #.........   100%        5    ######.
 Death Channel            Necr           #.........   100%        6    #######
 Simulacrum               Ice/Necr       #.........   100%        6    #######


Dungeon Overview and Level Annotations

Branches:
Dungeon (1/1)

Altars:
Ashenzari
Cheibriados
Dithmenos
Elyvilon
Fedhas
Gozag
Hepliaklqana
Kikubaaqudgha
Makhleb
Nemelex Xobeh
Okawaru
Qazlal
Ru
Sif Muna
Trog
Uskayaw
Vehumet
Wu Jian
Xom
Yredelemnul
Zin
The Shining One
Beogh
Jiyva
Lugonu

Annotations:
D 1 transporter


Innate Abilities, Weirdness & Mutations

You are resistant to torment.
Your stone body is resilient. (AC +8)
You are immune to poison.
You resist negative energy. (rN+)
You are resistant to electric shocks. (rElec)
You can survive without breathing.
You are immune to petrification.
You are immune to rotting.


Message History

The crystal bolt burns you!! You block the stone giant's attack.
GONNNNG!
Your sixfirhy hits the iron golem.
Your sixfirhy shocks the iron golem.
The iron golem completely resists.
Unknown command.
You feel much better.
Visions of slaying the iron golem flood into your mind.
Your sixfirhy completely misses the iron golem.
Your sixfirhy hits the iron golem.
Your sixfirhy shocks the iron golem.
The iron golem completely resists.
Your sixfirhy completely misses the iron golem.
The iron golem barely misses your sun demon.
The iron golem hits your sixfirhy!! You block the stone giant's attack.
GONNNNG!
The crystal guardian fires a crystalline bolt at you.
The crystal bolt freezes the iron golem.
The iron golem completely resists.
The crystal bolt freezes you!!!
* * * LOW HITPOINT WARNING * * *
The stone giant hits you!!
You die...

▓▓▓▓▓▓▓▓▓▓▓▓▓▓▓▓▓▓▓▓▓▓▓▓
▓....8©8....▓▓.8©8.▓.8©8
▓..:[=)|?)..▓▓.[[).▓...)
▓..}:::=:|..▓▓..[..▓...)
▓...........▓▓.....▓..†)
▓......D....▓▓.....▓....
▓....ECC....▓▓..†.†▓....
▓...888@....▓▓..©..▓..©.
▓..▓.E83(▓..▓▓▓▓▓▓▓▓▓▓▓▓
▓▓..3▓▓ ▓..8©8...▓..
▓..▓.....▓..▓....}...▓..
▓.....©.....▓...")...▓..
▓▓▓▓▓▓▓▓▓▓▓▓▓...).)..▓..
▓....8©8....▓.....)..▓..
▓..}:|[.)[..▓.▓....▓.▓..
▓....[)=)|..▓...©....▓..


You could see 3 iron golems, an iron dragon, 2 stone giants, a crystal guardian,
2 earth elementals, a friendly sun demon and a friendly sixfirhy.

Vanquished Creatures
  A lich (D)
  A quicksilver dragon (D)
  An ironheart preserver (D)
  A vampire knight (D)
  A blizzard demon (D)
  A deep elf death mage (D)
  A yaktaur captain (D)
  Erolcha (D)
  A vault guard (D)
  Erica (D)
  A hell knight (D)
  2 iron golems (D)
  A skeletal warrior (D)
  A shadow wraith (D)
  A necromancer (D)
  A deep elf mage (D)
  A yaktaur (D)
  An ice devil (D)
  2 merfolk (D)
  Sigmund (D)
  2 shadows (D)
  A wraith (D)
  A fire elemental (D)
  A yak (shapeshifter) (D)
  A steam dragon (shapeshifter) (D)
  Edmund (D)
  A hell hound (D)
  A water moccasin (D)
  An orc warrior (D)
  Duvessa (D)
  An eye of draining (shapeshifter) (D)
  2 ice beasts (D)
  An eye of draining (D)
  2 necrophages (D)
  Blork the orc (D)
  A bullfrog (shapeshifter) (D)
  5 wights (D)
  An orc priest (D)
  Crazy Yiuf (D)
  3 adders (D)
  2 white imps (D)
  An ooze (D)
  2 adder zombies (D)
  2 adder skeletons (D)
  An orc (D)
  A bat skeleton (D)
  2 bat zombies (D)
  A ball python zombie (D)
  A leopard gecko skeleton (D)
  A quokka skeleton (D)
65 creatures vanquished.

Vanquished Creatures (collateral kills)
  A stone giant (D)
  A vault guard (D)
  A dancing weapon (D)
  A deep elf archer (D)
  2 ugly things (D)
  A naga mage (D)
  A tormentor (D)
  An ice devil (D)
  A freezing wraith (D)
  2 merfolk (D)
  A red devil (D)
  A wraith (D)
  A flying skull (D)
  A naga (D)
  A hell hound (D)
  A big kobold (shapeshifter) (D)
  An earth elemental (D)
  Dowan (D)
  A wight (D)
  An orc wizard (D)
  Jessica (D)
  An adder (D)
  4 white imps (D)
  2 adder zombies (D)
  An adder skeleton (D)
  3 orcs (D)
  A ball python (D)
  2 bat zombies (D)
  A ball python skeleton (D)
  A leopard gecko skeleton (D)
  A leopard gecko zombie (D)
40 creatures vanquished.

Grand Total: 105 creatures vanquished

Notes
Turn   | Place    | Note
-------+----------+-------------------------------------------
     0 | D        | Atelerd the Gargoyle Fighter began the quest for the Orb.
     0 | D        | Reached XP level 1. HP: 14/14 MP: 1/1
     0 | D        | Found a shimmering blue altar of Sif Muna.
     0 | D        | Found a bloodstained altar of Trog.
     0 | D        | Found a sacrificial altar of Ru.
     0 | D        | Found a stormy altar of Qazlal.
     0 | D        | Found an iron altar of Okawaru.
     1 | D        | Found a sparkling altar of Nemelex Xobeh.
     1 | D        | Found a blossoming altar of Fedhas.
     2 | D        | Found the +6 Majin-Bo {vamp, Archmagi MP+6 Int+6}
     2 | D        | Found the +7 great mace "Firestarter" {inner flame, rF++}
     4 | D        | Found an ancient bone altar of Kikubaaqudgha.
     4 | D        | Found a transporter.
     4 | D        | Found a corrupted altar of Lugonu.
     4 | D        | Found a viscous altar of Jiyva.
     4 | D        | Found a burning altar of Makhleb.
     4 | D        | Found a hazy altar of Hepliaklqana.
     4 | D        | Found an opulent altar of Gozag.
    32 | D        | Found the +9 heavy crossbow "Sniper" {velocity, Acc+∞ SInv}
    32 | D        | Found the +10 dark maul {crush}
    32 | D        | Found the +15 Maxwell's patent armour {-Cast -Tele rElec
                  | MR+ rCorr}
    32 | D        | Found the +18 shield of the Gong {rElec rN+ MR+ EV-5}
    32 | D        | Found the cursed +14 obsidian axe {chop, +Fly SInv *Curse}
    54 | D        | Found the +6 shillelagh "Devastator" {shatter}
    54 | D        | Found the +11 plutonium sword {*Contam Stlth-}
    54 | D        | Found the +8 lance "Wyrmbane" {slay drac, rPois rF+ rC+
                  | AC+3}
    54 | D        | Found the +9 sword of Zonguldrok {reap}
    54 | D        | Found the cursed +13 scythe of Curses {drain, *Curse}
    54 | D        | Found the +0 sword of Power
    54 | D        | Found the +7 mace of Variability {chain chaos}
    54 | D        | Found the +7 Singing Sword {slice, sonic wave}
    54 | D        | Found the +8 storm bow {elec, penet}
    67 | D        | Became a worshipper of Warmaster Okawaru
    78 | D        | Entered arena 2.
    78 | D        | Noticed an eye of draining
    78 | D        | Found a transporter.
    81 | D        | Reached skill level 1 in Invocations
    82 | D        | Killed an eye of draining
    82 | D        | Reached XP level 2. HP: 20/20 MP: 0/4
    82 | D        | Reached XP level 3. HP: 25/25 MP: 0/5
    82 | D        | Reached XP level 4. HP: 30/30 MP: 0/6
    90 | D        | Entered arena 3.
    90 | D        | Noticed a big kobold
    90 | D        | Noticed a big kobold
    90 | D        | Noticed a white ugly thing
    90 | D        | Found a transporter.
    91 | D        | Identified the +3 arbalest of Red Wine {flame, rC+ Dex+2}
    95 | D        | Noticed a yak
    95 | D        | a big kobold changed into a yak
    95 | D        | Killed a white ugly thing
    95 | D        | Reached * piety under Okawaru
    95 | D        | Reached ** piety under Okawaru
    95 | D        | Reached *** piety under Okawaru
    95 | D        | Reached skill level 5 in Invocations
    95 | D        | Reached XP level 5. HP: 33/37 MP: 1/9
    95 | D        | Reached XP level 6. HP: 37/42 MP: 1/10
    96 | D        | Killed a yak
    96 | D        | Reached skill level 5 in Axes
    96 | D        | Reached XP level 7. HP: 43/48 MP: 1/11
    98 | D        | Reached skill level 5 in Evocations
   174 | D        | Entered arena 4.
   174 | D        | Noticed a steam dragon
   174 | D        | Noticed a brown ugly thing
   174 | D        | Found a transporter.
   178 | D        | Killed a steam dragon
   178 | D        | Reached skill level 5 in Dodging
   180 | D        | Killed a brown ugly thing
   180 | D        | Reached **** piety under Okawaru
   180 | D        | Reached XP level 8. HP: 54/54 MP: 5/13
   236 | D        | Entered arena 5.
   236 | D        | Noticed a merfolk
   236 | D        | Noticed a merfolk
   236 | D        | Noticed a merfolk
   236 | D        | Noticed a merfolk
   236 | D        | Found a transporter.
   243 | D        | Killed a merfolk
   244 | D        | Killed a merfolk
   244 | D        | Reached ***** piety under Okawaru
   246 | D        | Killed a merfolk
   247 | D        | Killed a merfolk
   247 | D        | Reached XP level 9. HP: 58/60 MP: 13/15
   263 | D        | Entered arena 6.
   263 | D        | Noticed a deep elf mage
   263 | D        | Noticed a deep elf archer
   263 | D        | Noticed a deep elf death mage
   263 | D        | Noticed a +1 long sword of draining
   263 | D        | Found a transporter.
   269 | D        | Killed a deep elf death mage
   269 | D        | Killed a deep elf archer
   269 | D        | Killed a +1 long sword of draining
   269 | D        | Reached ****** piety under Okawaru
   269 | D        | Reached skill level 10 in Fighting
   269 | D        | Reached skill level 10 in Armour
   269 | D        | Reached skill level 10 in Shields
   269 | D        | Reached XP level 10. HP: 63/68 MP: 15/17
   271 | D        | Killed a deep elf mage
   286 | D        | Entered arena 7.
   290 | D        | Received a gift from Okawaru
   291 | D        | Found a transporter.
   299 | D        | Entered arena 8.
   299 | D        | Noticed an ironheart preserver
   299 | D        | Noticed a vault guard
   299 | D        | Noticed a shadow wraith
   299 | D        | Noticed a vault guard
   299 | D        | Noticed a yaktaur captain
   300 | D        | Identified the cursed +0 war axe of Lapryarph {venom,
                  | Fragile +Inv rN+++ Int-2}
   302 | D        | Found a transporter.
   306 | D        | Killed a vault guard
   306 | D        | Reached skill level 10 in Invocations
   307 | D        | Killed a yaktaur captain
   309 | D        | Killed a vault guard
   309 | D        | Received a gift from Okawaru
   313 | D        | Killed an ironheart preserver
   313 | D        | Reached XP level 11. HP: 74/74 MP: 11/19
   314 | D        | Killed a shadow wraith
   326 | D        | Entered arena 9.
   327 | D        | Found a transporter.
   332 | D        | Received a gift from Okawaru
   471 | D        | Entered arena 10.
   472 | D        | Found a transporter.
   495 | D        | Entered arena 11.
   495 | D        | Noticed Sigmund
   495 | D        | Noticed Jessica
   495 | D        | Noticed Blork the orc
   495 | D        | Noticed Crazy Yiuf
   495 | D        | Noticed Dowan
   495 | D        | Noticed Duvessa
   495 | D        | Noticed Edmund
   495 | D        | Noticed Erica
   495 | D        | Noticed Erolcha
   496 | D        | Found a transporter.
   500 | D        | Killed Edmund
   500 | D        | Killed Duvessa
   501 | D        | Killed Erolcha
   501 | D        | Killed Jessica
   504 | D        | Killed Crazy Yiuf
   504 | D        | Killed Dowan
   505 | D        | Killed Erica
   505 | D        | Reached skill level 10 in Axes
   506 | D        | Killed Blork the orc
   509 | D        | Killed Sigmund
   560 | D        | Entered arena 12.
   560 | D        | Noticed a vampire knight
   560 | D        | Noticed a lich
   560 | D        | Noticed a necromancer
   561 | D        | Identified the +7 triple crossbow "Geroyr" {venom, Dex+3}
   569 | D        | Killed a vampire knight
   569 | D        | Reached skill level 10 in Evocations
   572 | D        | Killed a lich
   572 | D        | Received a gift from Okawaru
   572 | D        | Reached XP level 12. HP: 80/82 MP: 21/21
   574 | D        | Found a transporter.
   613 | D        | Entered arena 13.
   613 | D        | Noticed a blizzard demon
   615 | D        | Found a transporter.
   623 | D        | Received a gift from Okawaru
   625 | D        | Killed a blizzard demon
   625 | D        | Reached skill level 10 in Dodging
   709 | D        | Entered arena 14.
   710 | D        | Noticed a hell knight
   714 | D        | Found a transporter.
   720 | D        | Killed a hell knight
   740 | D        | Got the ring of the King {rElec rCorr MP+9 Int+7}
   789 | D        | Entered arena 15.
   792 | D        | Found a transporter.
   840 | D        | Entered arena 16.
   841 | D        | Noticed a crystal guardian
   841 | D        | Noticed an iron golem
   841 | D        | Noticed an iron golem
   841 | D        | Noticed an iron golem
   842 | D        | Noticed an iron golem
   842 | D        | Noticed an iron dragon
   842 | D        | Noticed a stone giant
   842 | D        | Noticed a stone giant
   842 | D        | Noticed an iron golem
   842 | D        | Noticed a quicksilver dragon
   842 | D        | Noticed a stone giant
   847 | D        | Found a transporter.
   856 | D        | Killed an iron golem
   860 | D        | Killed a quicksilver dragon
   860 | D        | Killed an iron golem
   861 | D        | Killed a stone giant
   865 | D        | Mangled by a stone giant

Levels and vault maps discovered:
D:        sprint_v [room_start, room_1, room_2, room_3, room_4, room_5, room_6,
          room_7, room_8, room_9, room_10, room_11, room_12, room_13, room_14,
          room_15, room_16, room_17, room_18, room_19, room_20, room_21,
          room_22, room_23, room_24, room_25, room_26, room_27]

Skill      XL: |  1  2  3  4  5  6  7  8  9 10 11 12 |
---------------+-------------------------------------+-----
Axes           | 3 4 5 6 7 8 9 10 11 | 11.7
Invocations    | 3 5 7 8 9 10 12 13 | 13.5
Fighting       | 4 6 7 8 9 10 11 12 13 | 13.9
Armour         | 4 6 8 10 11 12 13 | 13.9
Dodging        | 2 4 5 6 7 8 9 10 | 10.6
Shields        | 4 6 8 10 11 12 13 | 13.8
Evocations     | 2 4 5 6 7 9 10 11 | 11.5

Action                   |  1- 3 |  4- 6 |  7- 9 | 10-12 || total
-------------------------+-------+-------+-------+-------++-------
Melee: Broad axe         |     3 |     3 |    19 |    92 ||   117
Invok: Heroism           |       |       |       |     3 ||     3
       Finesse           |       |       |       |     3 ||     3
  Use: Potion            |       |     1 |       |     6 ||     7
 Stab: Distracted        |       |       |       |     1 ||     1
Armor: Plate armour      |     1 |     2 |    11 |    39 ||    53
Dodge: Dodged            |       |       |     3 |    15 ||    18
Block: Shield            |     2 |     6 |    38 |   140 ||   186
       Reflection        |       |       |       |     1 ||     1
